Map: New Repugnancy LE

Players

LetsFighting

  • Race: Terran Terran
  • League: Platinum
  • Spawn Location: 7:00

HaegPogTan - Winner!

  • Race: Protoss Protoss
  • League: Gold
  • Spawn Location: 1:00

VOD

Have the link to the VOD?

Description

Time

  • Played on: May 31, 2019, 5:48 a.m.
  • Length: 18:51
Show
View Real Time Build Order
Export as new Build Order

LetsFighting Terran 

Build Orders:  

Get SALT Encoding   

  12  0:01  SCV  
  13  0:13  SCV  
  14  0:17  Supply Depot  
  14  0:25  SCV  
  15  0:39  SCV  
  15  0:40  Barracks  
  16  0:44  Refinery  
  16  0:51  SCV  
  17  1:03  SCV  
  18  1:15  SCV  
  19  1:27  Orbital Command  
  19  1:29  Reaper  
  20  1:53  SCV  
  21  1:55  Command Center  
  21  2:01  Supply Depot  
  21  2:03  Marine  
  21  2:05  SCV  
  23  2:22  Factory, SCV  
  24  2:24  Barracks Reactor  
  24  2:30  Bunker  
  24  2:34  SCV  
  24  2:36  Refinery  
  25  2:50  SCV  
  26  3:10  Barracks Tech Lab, Orbital Command  
  26  3:11  SCV  
  27  3:15  Starport  
  27  3:20  Hellion  
  27  3:21  Hellion  
  31  3:37  SCV  
  31  3:38  SCV  
  33  3:42  Hellion  
  33  3:46  Barracks Tech Lab  
  35  3:49  Hellion  
  37  4:01  SCV  
  38  4:14  SCV  
  38  4:16  Marine  
  40  4:18  Stimpack  
  40  4:19  Cloaking Field  
  40  4:26  SCV  
  40  4:27  Orbital Command  
  40  4:39  SCV  
  40  4:41  Banshee  
  40  4:44  Marine  
  45  4:55  Command Center  
  45  4:56  SCV  
  46  5:03  Supply Depot  
  46  5:06  Supply Depot  
  46  5:11  Barracks  
  46  5:12  Factory Tech Lab  
  46  5:16  Barracks  
  46  5:25  Supply Depot, Marine, SCV x2  
  49  5:37  SCV x2  
  51  5:51  Marine  
  51  5:53  Siege Tank  
  55  5:57  Banshee  
  55  5:59  SCV  
  55  6:00  SCV  
  55  6:01  Refinery  
  55  6:03  Refinery, Engineering Bay  
  60  6:04  Engineering Bay  
  60  6:08  Marine x2  
  60  6:09  Marine  
  60  6:10  Barracks x2  
  63  6:11  SCV  
  63  6:12  SCV  
  63  6:13  Barracks Tech Lab  
  63  6:16  SCV  
  63  6:18  Combat Shield  
  66  6:24  SCV  
  67  6:26  Marine x2  
  66  6:40  Orbital Command, SCV x2  
  68  6:48  Supply Depot  
  68  6:50  Terran Infantry Armor Level 1, Terran Infantry Weapons Level 1  
  68  6:53  Armory  
  68  6:56  Marine x2  
  68  6:59  Concussive Shells  
  71  7:01  Marauder x2  
  71  7:07  Barracks Reactor  
  73  7:13  Starport Reactor  
  73  7:14  Marine x2  
  75  7:17  SCV x3  
  80  7:23  Marauder  
  78  7:37  Marine x3  
  78  7:42  Marauder  
  78  7:43  Marine  
  79  7:49  Marine x2  
  81  7:55  Marine  
  81  7:56  Marauder  
  81  7:58  Marine  
  85  8:02  Marauder  
  85  8:04  Marauder  
  87  8:07  Marine  
  88  8:16  Marine x3  
  88  8:17  Siege Tank, Marauder  
  93  8:24  Supply Depot  
  93  8:27  Supply Depot  
  93  8:28  Orbital Command  
  93  8:42  Supply Depot  
  93  8:45  Medivac, Marine, SCV  
  93  8:46  Marauder x2  
  101  8:48  Medivac  
  101  8:49  Marauder  
  101  8:50  Marine x3  
  108  9:03  Marine, SCV  
  108  9:04  SCV  
  108  9:07  Marauder x2  
  108  9:08  Marine  
  116  9:13  Supply Depot  
  116  9:16  Supply Depot  
  116  9:23  Missile Turret  
  116  9:24  Missile Turret  
  116  9:25  Supply Depot, SCV x3  
  116  9:26  Marauder  
  116  9:27  Marine x4  
  116  9:28  Siege Tank  
  128  9:37  SCV x3  
  131  9:39  Supply Depot  
  131  9:40  Supply Depot, Refinery, Marauder  
  131  9:41  Refinery, Marauder  
  135  9:47  Supply Depot  
  135  9:50  Supply Depot  
  135  9:53  Marine x4  
  135  9:54  Marauder  
  135  9:58  SCV x3  
  144  10:01  Marauder  
  144  10:02  Marauder  
  148  10:10  Marine  
  148  10:11  Marine x3  
  152  10:15  Marauder  
  152  10:16  Siege Tank  
  152  10:17  Medivac x2  
  152  10:19  SCV x3  
  164  10:23  Marauder  
  164  10:24  Marauder  
  167  10:28  Marine x2  
  167  10:29  Supply Depot, Marine  
  167  10:31  SCV x3  
  167  10:32  Supply Depot  
  167  10:35  Marine  
  172  10:36  Marine  
  173  10:43  SCV x3  
  173  10:46  Marauder x2  
  173  10:47  Medivac x2  
  173  10:48  Marine x2  
  173  10:49  Marine  
  187  10:53  Marine  
  188  11:08  Missile Turret  
  188  11:13  SCV  
  188  11:14  SCV x2  
  188  11:17  Marine, Marauder  
  188  11:18  Marine x2, Marauder x2  
  200  11:22  Terran Infantry Weapons Level 2  
  200  11:23  Terran Infantry Armor Level 2  
  200  11:27  Command Center  
  200  11:28  Ghost Academy, Terran Vehicle Weapons Level 1  
  200  11:51  Command Center  
  166  12:34  Marauder x3  
  170  12:37  Marine x3  
  170  12:38  Siege Tank, Marine  
  170  12:40  Medivac x2  
  181  12:55  Marauder  
  116  13:13  Marine x2, Marauder x2  
  116  13:14  Marine x2  
  116  13:15  Siege Tank, Medivac x2  
  116  13:17  Marauder  
  114  13:31  Marine x3  
  114  13:32  Marine  
  118  13:35  Marauder x2  
  118  13:38  Marauder  
  118  13:41  Terran Infantry Armor Level 3, Terran Vehicle Weapons Level 2, Terran Infantry Weapons Level 3  
  124  13:47  Siege Tank  
  127  13:49  Marine x2  
  127  13:51  Barracks  
  127  13:52  Marine x2, Barracks x2  
  127  13:54  Liberator x2  
  131  13:56  Marauder x2  
  131  13:59  Marauder  
  137  14:07  Marine x2  
  139  14:10  Marine x2  
  139  14:15  Starport  
  147  14:17  Marauder  
  147  14:18  Marauder  
  147  14:19  Siege Tank  
  147  14:21  Marauder  
  141  14:24  Marine  
  141  14:25  Marine  
  141  14:27  Factory  
  131  14:32  Marine x2  
  133  14:38  Marine  
  133  14:39  Marauder  
  133  14:42  Marauder  
  133  14:44  Marine x2  
  140  14:50  Marine x2  
  140  14:51  Siege Tank  
  145  14:54  Medivac x2  
  145  14:57  Marauder  
  142  15:00  Marauder  
  142  15:01  Marine  
  142  15:02  Marine  
  144  15:11  Marine x2, Marauder  
  148  15:18  Marauder  
  148  15:19  Marine x2  
  152  15:22  Marauder  
  152  15:23  Siege Tank  
  152  15:25  Barracks Tech Lab  
  152  15:26  Barracks Reactor  
  152  15:28  Barracks Tech Lab, Marine  
  157  15:32  Marauder  
  158  15:38  Refinery  
  158  15:39  Marauder  
  158  15:42  Ghost, Refinery  
  126  15:53  Ghost  
  95  16:05  Marine x5, Marauder x3  
  99  16:11  Marine  
  88  16:21  Marine  
  88  16:22  Marine  
  88  16:23  Marine  
  70  16:26  Marauder x2  
  69  16:36  Marine, Marauder  
  69  16:37  Marine  
  74  16:40  Marauder  
  74  16:45  Marine x3  
  61  16:47  Marauder  
  61  16:48  Marauder  
  49  16:54  Marine  
  49  16:55  Marine  
  49  16:58  Marauder  
  42  17:01  Marauder  
  42  17:03  Marine  
  42  17:07  Marine x2  
  37  17:09  Marauder  
  24  17:19  Marauder  
Show
View Real Time Build Order
Export as new Build Order

HaegPogTan Protoss - Winner!

Build Orders: Blink Stalkers 

Get SALT Encoding   

  12  0:01  Probe  
  13  0:14  Pylon  
  13  0:16  Probe  
  14  0:29  Probe  
  14  0:33  Gateway  
  15  0:41  Probe  
  16  0:53  Probe  
  17  0:57  Assimilator  
  17  1:05  Probe  
  18  1:17  Probe  
  19  1:20  Cybernetics Core  
  19  1:25  Forge  
  19  1:26  Gateway  
  19  1:30  Probe  
  20  1:35  Assimilator  
  20  1:42  Probe  
  21  1:48  Warp Gate  
  21  1:54  Probe  
  22  2:10  Probe  
  23  2:16  Pylon  
  23  2:24  Stalker  
  23  2:25  Stalker  
  27  2:41  Nexus  
  27  2:48  Pylon  
  27  2:50  Protoss Ground Weapons Level 1  
  27  3:09  Twilight Council  
  27  3:12  Probe  
  28  3:22  Pylon  
  28  3:24  Probe  
  28  3:25  Blink  
  29  3:36  Probe  
  31  3:48  Probe  
  31  3:54  Probe  
  32  4:00  Probe  
  33  4:05  Gateway  
  33  4:06  Probe, Gateway  
  34  4:12  Probe  
  35  4:18  Probe  
  35  4:22  Assimilator  
  36  4:24  Probe  
  36  4:25  Assimilator  
  36  4:30  Probe  
  38  4:37  Probe  
  39  4:42  Probe  
  40  4:49  Probe  
  40  4:51  Robotics Facility  
  41  4:53  Protoss Ground Weapons Level 2, Pylon  
  41  4:54  Probe  
  41  4:58  Pylon  
  42  5:01  Probe  
  42  5:06  Probe  
  44  5:11  Stalker  
  44  5:13  Probe  
  47  5:16  Stalker  
  47  5:19  Probe  
  50  5:25  Probe  
  51  5:31  Probe  
  52  5:37  Probe  
  52  5:40  Nexus  
  52  5:43  Probe  
  52  5:49  Probe  
  54  5:51  Stalker x3  
  60  6:01  Probe  
  60  6:02  Probe, Pylon  
  62  6:04  Pylon  
  62  6:13  Probe  
  62  6:17  Observer  
  54  6:44  Probe x2  
  56  6:56  Probe x2  
  56  6:59  Probe  
  58  7:08  Probe x2  
  59  7:11  Probe, Gateway  
  59  7:13  Gateway  
  61  7:17  Gateway  
  61  7:18  Gateway  
  61  7:19  Gateway  
  61  7:20  Probe x2  
  61  7:21  Stalker x3  
  69  7:23  Probe  
  70  7:32  Probe x2  
  70  7:35  Probe  
  73  7:41  Protoss Ground Weapons Level 3  
  70  7:44  Probe, Photon Cannon  
  65  8:30  Pylon  
  65  8:31  Probe x3  
  65  8:34  Photon Cannon  
  68  8:35  Zealot x4  
  68  8:36  Zealot  
  78  8:43  Probe x2  
  78  8:47  Templar Archives  
  80  8:50  Probe  
  80  8:51  Assimilator  
  80  8:53  Assimilator  
  81  9:04  Robotics Bay  
  81  9:09  Pylon  
  81  9:12  Pylon  
  81  9:13  Pylon  
  81  9:14  Pylon  
  79  9:28  Probe x3  
  82  9:32  High Templar x5  
  82  9:33  High Templar  
  82  9:36  Archon x2  
  82  9:37  Archon  
  82  9:38  Nexus  
  94  9:40  Probe x2  
  96  9:46  Zealot x2  
  96  9:47  Zealot  
  96  9:51  Extended Thermal Lance  
  103  9:58  Colossus  
  108  10:05  Psionic Storm  
  108  10:08  Probe x3  
  111  10:15  High Templar x3  
  111  10:16  High Templar x2  
  111  10:20  Probe x3  
  124  10:22  Protoss Ground Armor Level 1  
  124  10:32  Probe  
  125  10:38  Zealot x2  
  125  10:39  Zealot x2  
  133  10:48  Probe  
  133  10:49  Probe x2  
  136  10:50  Probe  
  137  11:00  Probe  
  137  11:01  Probe x2, High Templar  
  137  11:02  Probe, High Templar x5  
  153  11:07  Archon x3  
  153  11:13  Probe  
  153  11:15  High Templar  
  156  11:25  Assimilator  
  156  11:26  Assimilator  
  156  11:27  Pylon  
  156  11:28  Pylon  
  156  11:30  Pylon  
  156  11:31  Pylon  
  156  11:33  Pylon  
  156  11:39  Warp Prism  
  156  11:45  Pylon  
  158  11:47  Pylon  
  158  11:56  Zealot x3  
  158  11:57  Zealot x5  
  159  12:14  Warp Prism  
  144  12:23  High Templar x2  
  144  12:24  High Templar x3  
  150  12:40  Gateway  
  150  12:43  Gateway  
  150  12:46  Gateway x2  
  150  12:47  Gateway  
  109  13:06  Archon x4  
  109  13:07  Archon  
  97  13:13  Stalker x4  
  95  13:37  Charge  
  95  13:44  Pylon  
  95  13:46  Gateway  
  95  13:47  Zealot x5, Gateway  
  95  13:48  Zealot x2  
  109  13:50  Gateway  
  109  13:52  Gateway  
  109  13:53  Gateway  
  109  14:08  Gateway  
  107  14:10  Gateway  
  107  14:12  Gateway  
  107  14:16  Gateway x2  
  103  14:19  Nexus  
  103  14:24  Nexus  
  99  14:30  Nexus  
  81  14:32  High Templar  
  81  14:33  High Templar x6  
  81  14:34  High Templar x5  
  103  14:41  Archon x3  
  103  14:42  Archon  
  93  15:02  Archon  
  91  15:07  Zealot x6  
  91  15:08  Zealot x7  
  117  15:17  Zealot x4  
  117  15:18  Zealot x5  
  117  15:21  Protoss Ground Armor Level 2  
  135  15:26  Probe x2  
  135  15:27  Probe x2  
  139  15:38  Probe x2  
  139  15:39  Probe x2  
  135  15:44  Zealot x2  
  135  15:45  Zealot x8  
  135  15:46  Zealot x6  
  135  15:47  Zealot x5  
  135  15:48  Zealot x2  
  181  15:50  Probe  
  174  16:02  Robotics Bay  
  160  16:04  Assimilator  
  120  16:44  Zealot x8  
  120  16:45  Zealot x5  
  120  16:46  Zealot x5  
  154  16:47  Zealot  
  154  16:48  Zealot x2  
  154  16:49  Zealot x2  
  160  17:05  Pylon  
  160  17:06  Pylon  
  154  17:09  Probe x4  
  154  17:10  Probe, Pylon  
  157  17:21  Probe x3  
  157  17:22  Probe x2  
  157  17:24  Zealot x2  
  157  17:25  Zealot x5  
  157  17:26  Zealot x2  
  157  17:33  Probe x2  
  157  17:34  Probe x2  
  157  17:55  Nexus  
  157  18:01  Nexus  
  157  18:17  Zealot x8  
Tags
 
Add a new tag
Caveats
  • Supply blocks, unpowered buildings, or Contaminate may cause inaccurate times.
  • Supply counts are checked every 10 seconds.